 Dungeon Sprint DCSS version 0.19.1 (webtiles) character file.

443 equalderp2856 the Gouger (level 6, -2/31 HPs)
             Began as a Felid Fighter on Dec 1, 2016.
             Was an Initiate of Gozag.
             Impaled on a porcupine's spines (11 damage)
             ... in the Dungeon (Sprint IX: "|||||||||||||||||||||||||||||").
             The game lasted 00:02:55 (658 turns).

equalderp2856 the Gouger (Felid Fighter)             Turns: 658, Time: 00:02:56

Health: -2/31      AC:  4    Str: 13    XL:     6   Next: 71%
Magic:  7/7        EV: 25    Int: 13    God:    Gozag
Gold:   333        SH:  0    Dex: 16    Spells: 0 memorised, 5 levels left
                                        Lives:  0   Deaths: 1

rFire  . . .     SeeInvis +       - Unarmed
rCold  . . .     Gourm    .     (armour unavailable)
rNeg   . . .     Faith    .     (shield unavailable)
rPois  .         Spirit   .     (helmet unavailable)
rElec  .         Reflect  .     (cloak unavailable)
rCorr  .         Harm     .     (gloves unavailable)
MR     .....     NoTele   +     (boots unavailable)
Stlth  ++++......               (no amulet)
                                n - +2 ring of protection
                                m - +3 ring of intelligence

@: quick
A: no armour, no weapons or thrown items, stealth, claws 1, fangs 3, see
invisible, carnivore 3, speed 1, shaggy fur 2, slow metabolism 1, sharp paws
a: Potion Petition, Call Merchant, Bribe Branch, Renounce Religion


You were in the Dungeon.
You worshipped Gozag.
Gozag was aware of your devotion.
You were not hungry.

You visited 1 branch You collected 333 gold pieces.

Inventory:

Jewellery
 m - a +3 ring of intelligence (left paw)
 n - a +2 ring of protection (right paw)
Wands
 l - a wand of acid (7/15)
Scrolls
 h - 2 scrolls of blinking
 j - 4 scrolls of remove curse
 k - 2 scrolls of amnesia
 q - a scroll of recharging
 r - 2 scrolls of identify
Potions
 a - 2 potions of might
 c - 4 potions of curing
 d - 4 potions of heal wounds
 e - a potion of haste
 f - 4 potions of magic
 g - 2 potions of berserk rage
 i - a potion of invisibility
 o - a potion of brilliance
 p - a potion of agility
Comestibles
 b - a meat ration


   Skills:
 + Level 6.6 Fighting
 + Level 9.5 Dodging
 + Level 6.9 Stealth
 + Level 12.3 Unarmed Combat


You had 5 spell levels left.
You didn't know any spells.

Dungeon Overview and Level Annotations

Branches:
Dungeon (1/1)

Altars:
Cheibriados
Dithmenos
Elyvilon
Fedhas
Gozag
Hepliaklqana
Kikubaaqudgha
Makhleb
Nemelex Xobeh
Okawaru
Qazlal
Ru
Sif Muna
Trog
Uskayaw
Vehumet
Xom
Yredelemnul
Zin
The Shining One
Beogh
Jiyva
Lugonu


Innate Abilities, Weirdness & Mutations

You cannot wear armour.
You are incapable of wielding weapons or throwing items.
Your paws allow you to move quietly. (Stealth)
You have sharp claws.
You have razor-sharp teeth.
You have supernaturally acute eyesight. (SInv)
You are carnivorous and can eat meat at any time.
You cover ground quickly.
You are covered in thick fur. (AC +2)
You have a slow metabolism.
Your sharp claws are effective at attacking unaware monsters.


Message History

You see here 3 tomahawks of returning.
You see here a +0 hand crossbow.
The porcupine is no longer distracted by gold.
You see here a +0 club.
There is an open door here.
You close the door.
You start resting.
As you open the door, it creaks loudly!
There is an open door here.
The porcupine barely misses you.
You see here a +0 club.
You are struck by the porcupine's spines.
You barely miss the porcupine. The porcupine bites you!
* * * LOW HITPOINT WARNING * * *
You scratch the porcupine.
The porcupine is lightly wounded.
The porcupine completely misses you.
You are struck by the porcupine's spines.
You die...
Your body crumbles into a pile of gold.

▓_▓.▓$▓
$
▓_▓.▓S▓
$
▓_▓.▓.▓
$
▓_▓.▓.▓
$
▓_▓.▓t▓
$
▓'▓.▓?▓
$
▓.▓.▓(▓
$
▓.▓.▓r▓
$
▓.▓.▓@▓
▓.▓.▓.▓
▓)▓.▓.▓
▓'▓.▓.▓
▓.▓.▓.▓
▓.▓.▓.▓
▓.▓.▓'▓
▓)▓.▓.▓
▓†▓.▓.▓


You could see a water moccasin (wandering), a crocodile and a porcupine.

Vanquished Creatures
  A hippogriff (D)
  A yak (D)
  An ogre (D)
  2 bullfrogs (D)
  A jelly (D)
  An orc wizard (D)
  A gnoll (D)
  A shadow imp (D)
  A leopard gecko (D)
  An orc (D)
  2 bats (D)
  A bat zombie (D)
  2 hobgoblins (D)
  A quokka (D)
  A jackal skeleton (D)
  A quokka skeleton (D)
  A rat (D)
20 creatures vanquished.

Notes
Turn   | Place    | Note
-------+----------+-------------------------------------------
     0 | D        | equalderp2856 the Felid Fighter began the quest for the Orb.
     0 | D        | Reached XP level 1. HP: 10/10 MP: 2/2
    17 | D        | Noticed a jelly
    17 | D        | Noticed an ogre
    19 | D        | Reached skill level 1 in Stealth
    20 | D        | Reached skill level 5 in Unarmed Combat
    20 | D        | Reached XP level 2. HP: 14/14 MP: 3/3
    22 | D        | Reached skill level 5 in Dodging
    30 | D        | Killed an ogre
    30 | D        | Reached skill level 7 in Unarmed Combat
    30 | D        | Reached XP level 3. HP: 18/18 MP: 4/4
    30 | D        | Reached XP level 4. HP: 22/22 MP: 5/5
    40 | D        | Reached skill level 8 in Unarmed Combat
    53 | D        | Found a roughly hewn altar of Beogh.
    53 | D        | Found a snail-covered altar of Cheibriados.
    53 | D        | Found a shadowy altar of Dithmenos.
    53 | D        | Found a white marble altar of Elyvilon.
    53 | D        | Found a blossoming altar of Fedhas.
    53 | D        | Found an opulent altar of Gozag.
    54 | D        | Found a hazy altar of Hepliaklqana.
   189 | D        | Found a viscous altar of Jiyva.
   190 | D        | Found an ancient bone altar of Kikubaaqudgha.
   191 | D        | Found a corrupted altar of Lugonu.
   192 | D        | Found a burning altar of Makhleb.
   193 | D        | Found a sparkling altar of Nemelex Xobeh.
   194 | D        | Found an iron altar of Okawaru.
   195 | D        | Became a worshipper of Gozag Ym Sagoz the Greedy
   196 | D        | Found a stormy altar of Qazlal.
   197 | D        | Found a sacrificial altar of Ru.
   198 | D        | Found a deep blue altar of Sif Muna.
   199 | D        | Found a bloodstained altar of Trog.
   200 | D        | Found a hide-covered altar of Uskayaw.
   201 | D        | Found a radiant altar of Vehumet.
   202 | D        | Found a shimmering altar of Xom.
   203 | D        | Found a basalt altar of Yredelemnul.
   204 | D        | Found a glowing silver altar of Zin.
   205 | D        | Found a glowing golden altar of the Shining One.
   232 | D        | Noticed a bullfrog
   234 | D        | Reached skill level 5 in Fighting
   234 | D        | Reached XP level 5. HP: 26/26 MP: 6/6
   245 | D        | Reached skill level 9 in Unarmed Combat
   309 | D        | Noticed a black bear
   309 | D        | Noticed a gargoyle
   309 | D        | Noticed a brown ugly thing
   309 | D        | Noticed a cyan ugly thing
   309 | D        | Noticed a yak
   317 | D        | Killed a yak
   317 | D        | Reached skill level 5 in Stealth
   317 | D        | Reached skill level 11 in Unarmed Combat
   317 | D        | Gained mutation: You are covered in thick fur. (AC +2) [Felid growth]
   317 | D        | Reached XP level 6. HP: 27/31 MP: 7/7
   326 | D        | Mangled by a red ugly thing
   327 | D        | Reached XP level 5. HP: -11/27 MP: 6/6
   428 | D        | Noticed a spiny frog
   428 | D        | Noticed a water moccasin
   428 | D        | Noticed a crocodile
   428 | D        | Noticed a porcupine
   428 | D        | Noticed a hippogriff
   433 | D        | Noticed a crocodile
   446 | D        | Noticed a komodo dragon
   447 | D        | Killed a hippogriff
   447 | D        | Reached skill level 12 in Unarmed Combat
   447 | D        | Reached XP level 6. HP: 9/31 MP: 7/7
   658 | D        | Impaled on a porcupine's spines

Skill      XL: |  1  2  3  4  5 |
---------------+----------------+-----
Stealth        | 1 2 3 6 |  6.9
Unarmed Combat | 5 7 8 12 | 12.3
Dodging        | 6 7 9 |  9.5
Fighting       | 4 5 6 |  6.6

Action                   |  1- 3 |  4- 6 || total
-------------------------+-------+-------++-------
Melee: Unarmed           |    19 |    60 ||    79
       Bite              |     1 |     2 ||     3
       Punch             |       |     2 ||     2
  Use: Potion            |       |     2 ||     2
 Stab: Sleeping          |     2 |     1 ||     3
       Distracted        |       |     2 ||     2
Armor: Skin              |       |     1 ||     1
Dodge: Dodged            |    10 |    45 ||    55
